 Dungeon Crawl Stone Soup version 0.29.1-12-g30fa7ad0bf (webtiles) character file.

Game seed: 8265756939510050962

180 safid the Shooter (level 5, -4/48 HPs)
             Began as a Minotaur Hunter on Dec 14, 2022.
             Slain by an ogre
             ... wielding a +0 giant club
              (9 damage)
             ... on level 4 of the Dungeon.
             The game lasted 00:02:15 (1488 turns).

safid the Shooter (Minotaur Hunter)                 Turns: 1488, Time: 00:02:16

Health: -4/48      AC:  6    Str: 15    XL:     5   Next: 33%
Magic:  4/4        EV: 11    Int:  6    God:
Gold:   102        SH:  0    Dex: 16    Spells: 4/4 levels left

rFire   . . .      SeeInvis .   a - +0 shortbow
rCold   + . .      Faith    .   (shield currently unavailable)
rNeg    . . .      Spirit   .   h - +1 ring mail {rC+}
rPois   .          Reflect  .   (helmet restricted)
rElec   .          Harm     .   (no cloak)
rCorr   .          Rampage  .   (no gloves)
Will    .....                   (no boots)
Stlth   +.........              (no amulet)
HPRegen 0.16/turn               (no ring)
MPRegen 0.09/turn               (no ring)

@: no status effects
A: horns 2, retaliatory headbutt
a: no special abilities


You were on level 4 of the Dungeon.
You visited 1 branch of the dungeon, and saw 3 of its levels.

You collected 102 gold pieces.

Inventory:

Hand Weapons
 a - a +0 shortbow (weapon)
Missiles
 i - 6 javelins
Armour
 h - a +1 ring mail of cold resistance (worn)
Jewellery
 c - a ring of ice
 j - a ring of magical power
Scrolls
 b - a scroll of teleportation {unknown}
 d - 3 scrolls of identify {unknown}
 g - a scroll of amnesia {unknown}
 m - a scroll of enchant weapon {unknown}
Potions
 e - a potion of heal wounds
 f - 2 potions of curing {unknown}
 k - a potion of flight {unknown}
 l - a potion of invisibility {unknown}


   Skills:
 + Level 5.1 Fighting
 + Level 6.0 Ranged Weapons
 - Level 2.1 Dodging
 - Level 0.7 Stealth


You had 4 spell levels left.
You didn't know any spells.
Your spell library contained the following spells:

 Spells                   Type           Power      Damage    Failure   Level
 Sandblast                Erth           0%         2d4       69%         1
 Passwall                 Tmut/Erth      0%         N/A       83%         2
 Stone Arrow              Conj/Erth      0%         3d7       96%         3


Dungeon Overview and Level Annotations

Branches:
Dungeon (4/15)
 Temple: D:4-7

Altars:


Innate Abilities, Weirdness & Mutations

You have a pair of horns on your head.
You reflexively headbutt those who attack you in melee.


Message History

Aim: a scorpion (severely wounded, 64% to hit)
You shoot an arrow. The arrow hits the scorpion!
You kill the scorpion!
You feel very sick.
Your Fighting skill increases to level 5!
Your Ranged Weapons skill increases to level 6!
You have reached level 5!
You feel very sick.
You feel sick.
You feel sick.
You feel sick.
You feel sick.
You feel sick.
You feel sick.
You feel sick.
You feel sick.
You are no longer poisoned.
An ogre comes into view. It is wielding a +0 giant club.
The ogre shouts!
You shoot an arrow. The arrow hits the ogre.
The ogre is lightly wounded.
The ogre hits you with a +0 giant club!!
Ouch! That really hurt!
You are too injured to fight recklessly!
You are too injured to fight recklessly!
You are too injured to fight recklessly!
Fire: a) +0 shortbow
Press: ? - help, Q - select action, (/) - cycle Shift-Dir - straight line, f/p - ogre
Aim: an ogre, wielding a +0 giant club (lightly wounded, 78% to hit)
You shoot an arrow. The arrow hits the ogre.
The ogre is lightly wounded.
The ogre hits you with a +0 giant club!
* * * LOW HITPOINT WARNING * * *
Fire: a) +0 shortbow
Press: ? - help, Q - select action, (/) - cycle Shift-Dir - straight line, f/p - ogre
Aim: an ogre, wielding a +0 giant club (lightly wounded, 78% to hit)
You shoot an arrow. The arrow hits the ogre!
The ogre is heavily wounded.
The ogre hits you with a +0 giant club!
You die...

###.#.# #.#
##.#.##
#.....# #.#
##.#.##
#.#.#######.#
##.#.##
#+#.........#
##.#.##
........#####
##.#.##
......†.#
##.#.##
........#
##.#.##
........#
#.#O##
.......<#####
##@#.##
..............
##.#.#
........######
##†#.#
#########
#.#.# #.#.#
#.#.# #.#. #.#
#.


You could see an ogre.

Vanquished Creatures
  A scorpion (D:4)
  A howler monkey (D:4)
  Natasha (D:4)
  3 adders
  An orc (D:4)
  6 ball pythons
  2 bats (D:1)
  An endoplasm (D:2)
  A giant cockroach (D:1)
  5 goblins (D:1)
  2 hobgoblins (D:1)
  2 kobolds (D:1)
  2 quokkas
  3 rats
31 creatures vanquished.

Notes
Turn   | Place    | Note
-------+----------+-------------------------------------------
     0 | D:1      | safid the Minotaur Hunter began the quest for the Orb.
     0 | D:1      | Reached XP level 1. HP: 18/18 MP: 0/0
   153 | D:1      | Reached XP level 2. HP: 26/26 MP: 1/1
   278 | D:1      | Found a faded altar of an unknown god.
   787 | D:2      | Reached skill level 5 in Ranged Weapons
   787 | D:2      | Reached XP level 3. HP: 24/31 MP: 2/2
  1150 | D:2      | You fall into a shaft and drop 2 floors!
  1265 | D:4      | Reached XP level 4. HP: 40/40 MP: 3/3
  1267 | D:4      | Noticed Natasha
  1270 | D:4      | Killed Natasha
  1347 | D:4      | Noticed a scorpion
  1357 | D:4      | Killed a scorpion
  1358 | D:4      | Reached skill level 5 in Fighting
  1358 | D:4      | Reached skill level 6 in Ranged Weapons
  1358 | D:4      | Reached XP level 5. HP: 38/48 MP: 4/4
  1484 | D:4      | Noticed an ogre
  1488 | D:4      | Slain by an ogre

Illustrated notes

Levels and vault maps discovered:
D:1:      giann_wishing_wells, layout_loops_ring, serial_rivers,
          chequers_serial_rivers_large_a, chequers_serial_rivers_small_b,
          chequers_serial_rivers_small_b, chequers_serial_rivers_small_3,
          chequers_ecumenical_altar_simple
D:2:      layout_basic, grunt_decor_junction
D:4:      minmay_inner_zag, layout_basic, serial_shops, shop, uniq_grinder,
          uniq_natasha

Skill      XL: |  1  2  3  4 |
---------------+-------------+-----
Fighting       | 3 4 5 |  5.1
Ranged Weapons | 5 6 |  6.0
Dodging        | |  2.1
Stealth        | |  0.7

Action                   |  1- 3 |  4- 6 || total
-------------------------+-------+-------++-------
 Fire: Shortbow          |    69 |    20 ||    89
  Use: Potion            |       |     1 ||     1
Armor: Leather armour    |     1 |       ||     1
       Ring mail         |     6 |     6 ||    12
Dodge: Dodged            |    11 |     7 ||    18
